 Dungeon Crawl Stone Soup version 0.16.1-4-g8e1b745 (console) character file.

7 gw the Charlatan (level 1, -7/12 HPs)
             Began as a Deep Elf Artificer on Mar 28, 2015.
             Mangled by an ice beast (10 damage)
             ... on level 3 of the Dungeon.
             The game lasted 00:00:21 (259 turns).

gw the Charlatan (Deep Elf Artificer)                Turns: 259, Time: 00:00:21

Health: -7/12      AC:  3    Str:  8    XL:     1   Next: 83%
Magic:  2/2        EV: 12    Int: 16    God:
Gold:   9          SH:  0    Dex: 15    Spells: 0 memorised, 0 levels left

rFire  . . .     SeeInvis .     a - +0 short sword
rCold  . . .     Clarity  .     e - +0 leather armour
rNeg   . . .     SustAb   .     (no shield)
rPois  .         Gourm    .     (no helmet)
rElec  .         Spirit   .     (no cloak)
rCorr  .         Warding  .     (no gloves)
rMut   .         Stasis   .     (no boots)
MR     .....                    (no amulet)
Stlth  ++........               (no ring)
                                (no ring)

@: not resistant to hostile enchantments, unstealthy
A: no striking features
a: no special abilities


You were on level 3 of the Dungeon.
You were not hungry.

You visited 1 branch of the dungeon, and saw 4 of its levels.

You collected 9 gold pieces.

Inventory:

Hand weapons
 a - a +0 short sword (weapon)
Missiles
 j - 19 arrows
Armour
 e - a +0 leather armour (worn)
Magical devices
 b - a wand of flame (15)
 c - a wand of enslavement (11)
 d - a wand of random effects (12)
Scrolls
 h - a scroll of remove curse {unknown}
Potions
 i - a potion of flight {unknown}
Comestibles
 f - a bread ration
 g - a fruit


   Skills:
 + Level 1.0 Fighting
 * Level 1.4 Short Blades
 + Level 2.8 Dodging
 - Level 1.2 Stealth
 - Level 3.2 Evocations


You couldn't memorise any spells.
You didn't know any spells.

Dungeon Overview and Level Annotations

Branches:
Dungeon (4/15)
 Temple: D:4-7

Altars:

Annotations:
D:3 exclusion: downstairs
D:4 Pikel


Message History

Evoke which item? (* to show all) (? for menu, Esc to quit)
Zapping:
d - a wand of random effects (14)
Press: ? - help, Shift-Dir - straight line, f/p - ice beast
Aim: an ice beast (lightly wounded)
The ice beast resists with significant effort.
This wand has 13 charges left.
The ice beast hits you but does no damage.
Unknown command.
Unknown command.
Unknown command.
Unknown command.
Evoke which item? (* to show all) (? for menu, Esc to quit)
Zapping:
d - a wand of random effects (13)
Press: ? - help, Shift-Dir - straight line, f/p - ice beast
Aim: an ice beast (lightly wounded)
The ice beast flickers and vanishes!
Deactivating autopickup; reactivate with Ctrl-A.
This wand has 12 charges left.
Something hits you. Something freezes you!
Ouch! That really hurt!
You die...

# . ##. #... #...#
#$..#########.#
####........{e%..#
#.........########
#.##...##.########
##...##........#
####.#.....#..#####.#
........<.......###.#
..(.................#
###..........#.##..#
#.#)....#..#.# .#


There were no monsters in sight!

Table legend:
 A = Turns spent in this place as a percentage of turns spent in the entire game.
 B = Non-inter-level travel turns spent in this place as a percentage of non-inter-level travel turns spent in the entire game.
 C = Inter-level travel turns spent in this place as a percentage of turns spent in this place.
 D = Turns resting spent in this place as a percentage of non-inter-level travel turns spent in this place.
 E = Turns spent auto-exploring this place as a percentage of non-inter-level travel turns spent in this place.
 F = Non-inter-level travel turns spent in this place divided by the number of levels of this place that you've seen.
                   A       B       C       D       E      F
               +-------+-------+-------+-------+-------+----------------------
         Total | 100.0 | 100.0 |   2.3 |   1.3 |   1.9 | 117.0
       Dungeon | 100.0 | 100.0 |   2.3 |   1.3 |   1.9 | 117.0
               +-------+-------+-------+-------+-------+----------------------

Table legend:
 A = Kills in this place as a percentage of kills in entire the game.
 B = Kills by you in this place as a percentage of kills by you in the entire game.
 C = Kills by friends in this place as a percentage of kills by friends in the entire game.
 D = Other kills in this place as a percentage of other kills in the entire game.
 E = Experience gained in this place as a percentage of experience gained in the entire game.
 F = Experience gained in this place divided by the number of levels of this place that you have seen.
                   A       B       C       D       E      F
               +-------+-------+-------+-------+-------+----------------------
         Total | 100.0 | 100.0 |  -nan |  -nan | 100.0 |   2.5
       Dungeon | 100.0 | 100.0 |  -nan |  -nan | 100.0 |   2.5
               +-------+-------+-------+-------+-------+----------------------

Vanquished Creatures
  A bat (D:1)
  2 giant cockroaches
  2 hobgoblins
5 creatures vanquished.

Notes
Turn   | Place    | Note
--------------------------------------------------------------
     0 | D:1      | gw, the Deep Elf Artificer, began the quest for the Orb.
     0 | D:1      | Reached XP level 1. HP: 11/11 MP: 2/2
   223 | D:4      | Noticed Pikel
   223 | D:4      | Noticed a slave
   223 | D:4      | Noticed a slave
   223 | D:4      | Noticed a slave
   223 | D:4      | Noticed an ice beast
   226 | D:4      | Noticed a slave
   250 | D:3      | Reached skill level 1 in Fighting
   259 | D:3      | Mangled by an ice beast

Action                   || total
-------------------------++-------
Melee: Short sword       ||    24
Evoke: Wand              ||     7

Vault maps used:
D:1:      shiori_arrival_elements, due_unseen_surprise
D:3:      good_gods_mini_temple
D:4:      first_bread, uniq_iyjb, uniq_menkaure, uniq_pikel
